 Dungeon Crawl Stone Soup version 0.31-a0-851-g7ff8af7976 (webtiles) character file.

Game seed: 13850247672949364220

88 JayJaygamer2134567 the Ruffian (level 4, 0/44 HPs)
             Began as a Troll Monk on Oct 6, 2023.
             Succumbed to a scorpion's poison
             ... on level 4 of the Dungeon.
             The game lasted 00:07:42 (809 turns).

JayJaygamer2134567 the Ruffian (Troll Monk)          Turns: 809, Time: 00:07:42

Health: 0/44       AC:  5    Str: 21    XL:     4   Next: 30%
Magic:  3/3        EV: 10    Int:  6    God:
Gold:   120        SH:  0    Dex: 12    Spells: 3/3 levels left

rFire   . .          .
                       - Unarmed
rCold   . . .        c - orb {light}
rNeg    . . .        a - +1 robe
rPois   .            (helmet restricted)
rElec   .            (no cloak)
rCorr   .            (gloves unavailable)
SInv    .            (boots unavailable)
Will    .....        (no amulet)
Stlth   +            (no ring)
HPRegen 1.07/turn    (no ring)
MPRegen 0.08/turn

%: no passive effects
@: lethally poisoned (0 -> -1), glowing
A: large, unfitting armour, claws 3, regeneration 1, shaggy fur 1, tough skin 1
a: no special abilities


You were on level 4 of the Dungeon.
You visited 1 branch of the dungeon, and saw 3 of its levels.

You collected 120 gold pieces.

Inventory:

Armour
 a - a +1 robe (worn)
 c - an orb of light (worn)
 g - a +0 robe
 j - a +0 robe
 m - a +0 robe
Talismans
 i - a serpent talisman
Scrolls
 d - a scroll of noise {unknown}
 f - a scroll of fear {unknown}
 l - a scroll of enchant armour
 n - a scroll of teleportation {unknown}
 o - a scroll of immolation {unknown}
 p - a scroll of identify {unknown}
Potions
 e - a potion of curing {unknown}
 h - a potion of lignification {unknown}
 k - 2 potions of might {unknown}


   Skills:
 + Level 2.8 Fighting
 - Level 2.4 Dodging
 + Level 0.5 Stealth
 * Level 4.6 Unarmed Combat


You had 3 spell levels left.
You didn't know any spells.
Your spell library was empty.

Dungeon Overview and Level Annotations

Branches:
Dungeon (4/15)
 Temple: D:4-7

Altars:
Xom

Portals:
Sewer: D:4


Innate Abilities, Weirdness & Mutations

You are too large for most types of armour.
You have claws for hands.
Your natural rate of healing is unusually fast.
You are covered in fur. (AC +1)
You have tough skin. (AC +1)


Message History

You feel less invigorated.
You feel less confused.
You feel sick.
You are no longer poisoned.
The scorpion stings you.
You are poisoned.
The scorpion poisons you!
The giant cockroach bites you but does no damage.
You scratch the giant cockroach.
You kill the giant cockroach!
You feel sick.
The scorpion stings you but does no damage.
The scorpion stings you!
You feel sick.
You feel sick. The scorpion attacks as it pursues you!
The scorpion completely misses you.
A quokka and a giant cockroach come into view.
Found a glowing drain.
You feel sick. The scorpion attacks as it pursues you! The scorpion misses you.
You feel sick.
You claw the giant cockroach!
You kill the giant cockroach!
You feel sick. The scorpion stings you!
* * * LOW HITPOINT WARNING * * *
You are more poisoned.
The scorpion poisons you! The scorpion barely misses you.
You enter the shallow water.
A quokka comes into view.
You feel very sick.
As you read the scroll labelled JATOTI PUGO, it crumbles to dust.
It is a scroll of enchant armour.
Your +0 robe glows green for a moment.
You feel sick. The quokka barely misses you.
You scratch the quokka.
The quokka is severely wounded.
You feel sick. The quokka closely misses you. The scorpion stings you.
* * * LOW HITPOINT WARNING * * *
You scratch the quokka but do no damage.
The quokka is severely wounded.
You die...

...## ....
#...##.....
#..........
..#......# ..#.....#
.#......#
.#......#..#######
........#..≈≈≈≈≈≈##
.##.....##~.r∩.r@s##
##.......##≈≈≈≈≈≈r.#
##......#########..#
........#~.≈≈≈≈≈≈.~#
...|....~~~.~.††..##
......#..~.########
.....####### ......
.....#


You could see a scorpion and 3 quokkas.

Vanquished Creatures
  An iguana (D:4)
  An adder (D:4)
  An ufetubus (D:4)
  3 endoplasms (D:1)
  6 giant cockroaches
  2 hobgoblins
  4 jackals (D:2)
  5 kobolds
  A quokka (D:4)
  3 ball pythons
  3 bats (D:1)
  4 frilled lizards
  7 goblins
  4 rats (D:1)
45 creatures vanquished.

Notes
Turn   | Place    | Note
-------+----------+-------------------------------------------
     0 | D:1      | JayJaygamer2134567 the Troll Monk began the quest for the
                  | Orb.
     0 | D:1      | Reached XP level 1. HP: 22/22 MP: 0/0
    71 | D:1      | Reached XP level 2. HP: 27/29 MP: 1/1
   203 | D:1      | Found a shimmering altar of Xom.
   586 | D:2      | Reached XP level 3. HP: 36/36 MP: 2/2
   589 | D:2      | Reached skill level 4 in Unarmed Combat
   717 | D:2      | You fall into a shaft and drop 2 floors!
   747 | D:4      | Reached XP level 4. HP: 42/44 MP: 3/3
   758 | D:4      | Noticed a scorpion
   803 | D:4      | Found a glowing drain.
   808 | D:4      | HP: 1/44 [scorpion (3)]
   809 | D:4      | Succumbed to a scorpion's poison

Illustrated notes

Levels and vault maps discovered:
D:1:      dpeg_arrival_short_road, layout_rooms, minmay_hexomino_r4
D:2:      layout_basic, nrook_uturn, minivault_19, grunt_ministairs_9,
          uniq_crazy_yiuf_cottage, uniq_jessica
D:4:      layout_cave_pools, grunt_qazlal_clouds, serial_bayou,
          serial_bayou_pond_d, serial_bayou_shore_b, serial_bayou_shore_b,
          serial_bayou_crossing, serial_shops, nicolae_shop_tiny_waterfront,
          gup_sewer_entry_pipe, uniq_sigmund, uniq_duvessa, uniq_robin

Skill      XL: |  1  2  3 |
---------------+----------+-----
Unarmed Combat | 4 |  4.6
Fighting       | |  2.8
Dodging        | |  2.4
Stealth        | |  0.5

Action                     |  1- 3 |  4- 6 || total
---------------------------+-------+-------++-------
  Melee: Unarmed           |    76 |    23 ||    99
    Use: Scroll            |       |     1 ||     1
         Potion            |       |     1 ||     1
 Armour: Robe              |    33 |    25 ||    58
  Dodge: Dodged            |    25 |    26 ||    51

Table legend: (Time is in decaauts)
 A = Elapsed time spent in this place.
 B = Non-inter-level travel time spent in this place.
 C = Inter-level travel time spent in this place.
 D = Time resting spent in this place.
 E = Time spent auto-exploring this place.
 F = Levels seen in this place.
 G = Mean time per level.
                   A        B        C        D        E       F      G
               +--------+--------+--------+--------+--------+-----+--------+
         Total |    801 |    683 |    118 |      0 |    454 |   3 |  267.0 |
       Dungeon |    801 |    683 |    118 |      0 |    454 |   3 |  267.0 |
               +--------+--------+--------+--------+--------+-----+--------+

Top non-repeatable levels by time:
     D:1: 497 daAuts
     D:2: 214 daAuts
     D:4: 89 daAuts
